 Dungeon Crawl Stone Soup version 0.17-a0-1621-gfc7a675 (webtiles) character file.

5 Oddball22 the Digger (level 1, -2/11 HPs)
             Began as a Gargoyle Earth Elementalist on Aug 2, 2015.
             Slain by a hobgoblin (3 damage)
             ... on level 1 of the Dungeon.
             The game lasted 00:02:47 (502 turns).

Oddball22 the Digger (Gargoyle Earth Elementalist)   Turns: 502, Time: 00:02:47

Health: -2/11      AC:  4    Str: 11    XL:     1   Next: 80%
Magic:  0/3        EV: 11    Int: 15    God:
Gold:   16         SH:  3    Dex: 10    Spells: 1 memorised, 3 levels left

rFire  . . .     SeeInvis .     i - +0 club
rCold  . . .     Clarity  .     b - +0 robe
rNeg   + . .     SustAt   .     g - +0 buckler
rPois  ∞         Gourm    .     (no helmet)
rElec  +         Spirit   .     (no cloak)
rCorr  .         Warding  .     (no gloves)
rMut   .         Stasis   .     (no boots)
MR     .....                    (no amulet)
Stlth  ++........               (no ring)
                                (no ring)

@: very slightly contaminated, not resistant to hostile enchantments, unstealthy
A: negative energy resistance 1, electricity resistance, unbreathing,
petrification resistance, rot immunity, AC +2
a: no special abilities


You were on level 1 of the Dungeon.
You were not hungry.

You visited 1 branch of the dungeon, and saw 1 of its levels.

You collected 16 gold pieces.

Inventory:

Hand weapons
 i - a +0 club (weapon)
Missiles
 a - 65 stones (quivered)
Armour
 b - a +0 robe (worn)
 g - a +0 buckler (worn)
Scrolls
 e - a scroll of enchant weapon {unknown}
Potions
 f - a potion of curing {unknown}
 j - a potion of degeneration {unknown}
Books
 c - a book of Geomancy

   Spells                             Type                      Level
   a - Sandblast                      Earth                        1
   b - Stoneskin                      Transmutation/Earth          2
   c - Passwall                       Transmutation/Earth          3
   d - Stone Arrow                    Conjuration/Earth            3
   e - Petrify                        Transmutation/Earth          4
   f - Lee's Rapid Deconstruction     Earth                        5
Comestibles
 d - a bread ration
 h - a chunk of flesh


   Skills:
 + Level 0.9 Fighting
 * Level 0.2 Maces & Flails
 + Level 0.4 Armour
 - Level 1.5 Dodging
 - Level 2.1 Stealth
 + Level 0.2 Shields
 - Level 2.0 Spellcasting
   Level 0.7 Transmutations
 + Level 3.6 Earth Magic


You had 3 spell levels left.
You knew the following spells:

 Your Spells              Type           Power        Failure   Level  Hunger
a - Sandblast             Erth           ##....       10%         1    #......


Dungeon Overview and Level Annotations

Branches:
Dungeon (1/15)

Altars:


Innate Abilities, Weirdness & Mutations

You are resistant to torment.
Your stone body is resilient (AC +2).
You are immune to poison.
You resist negative energy.
You are resistant to electric shocks.
You can survive without breathing.
You are immune to petrification.
You are immune to rotting.


Message History

Confirm with . or Enter, or press ? or * to list all spells.
Aiming: Sandblast
Press: ? - help, Shift-Dir - straight line, f/p - hobgoblin
Aim: a hobgoblin (heavily wounded)
The blast of sand misses the hobgoblin.
The blast of sand hits the goblin.
You kill the goblin!
The hobgoblin closely misses you.
You closely miss the hobgoblin.
The hobgoblin is heavily wounded.
The hobgoblin hits you.
* * * LOW HITPOINT WARNING * * *
A hobgoblin comes into view. It is wielding a club.
The hobgoblin shouts!
Casting: Sandblast
Confirm with . or Enter, or press ? or * to list all spells.
Aiming: Sandblast
Press: ? - help, Shift-Dir - straight line, f/p - hobgoblin
Aim: a hobgoblin (lightly wounded)
You miscast Sandblast.
Nothing appears to happen.
The hobgoblin hits you.
You die...

##.#####################
....g..@g.............).
#################.##.#.#.####
# #...........# #.##.#.#.# #
###.#########.# #.##.#.#.# #
#.....# #.# #.#..#.#.# #
#.....# #.# #.#.##.#.#
###.....# #.# #.#. #.#..
..#.....# #.#####.#. #.#..
..#.....# #.....#.#. #.#


You could see 2 hobgoblins.

Vanquished Creatures
  A goblin (D:1)
  A hobgoblin (D:1)
  2 bats (D:1)
  A rat (D:1)
5 creatures vanquished.

Notes
Turn   | Place    | Note
--------------------------------------------------------------
     0 | D:1      | Oddball22 the Gargoyle Earth Elementalist began the quest for the Orb.
     0 | D:1      | Reached XP level 1. HP: 10/10 MP: 3/3
     6 | D:1      | Noticed a swamp drake
     6 | D:1      | Noticed an anaconda
     7 | D:1      | Noticed a swamp worm
     7 | D:1      | Noticed a redback
   502 | D:1      | Slain by a hobgoblin

Vault maps used:
D:1:      onia_arrival_zoo_common, minmay_misc_feat_columns

Action                   || total
-------------------------++-------
Melee: Club              ||    24
       Unarmed           ||    14
 Cast: Sandblast         ||     9
